Map: Cactus Valley LE (Void)

Players

TREVI - Winner!

  • Race: Protoss Protoss
  • League: Grandmaster
  • Spawn Location: 5:00

NORTHAMERICA

  • Race: Protoss Protoss
  • League: Grandmaster
  • Spawn Location: 1:00

VOD

Have the link to the VOD?

Description

Time

  • Played on: Feb. 20, 2017, 3:56 a.m.
  • Length: 25:43
Show
View Real Time Build Order
Export as new Build Order

TREVI Protoss - Winner!

Build Orders: Oracle Opening 

Get SALT Encoding   

  12  0:01  Probe (Chrono Boost)  
  13  0:11  Probe (Chrono Boost)  
  14  0:18  Pylon  
  14  0:22  Probe (Chrono Boost)  
  15  0:37  Probe (Chrono Boost), Gateway  
  16  0:44  Assimilator  
  16  0:47  Probe (Chrono Boost)  
  17  0:58  Probe (Chrono Boost)  
  17  0:59  Assimilator  
  18  1:07  Gateway  
  18  1:08  Probe (Chrono Boost)  
  19  1:19  Probe (Chrono Boost)  
  19  1:24  Cybernetics Core  
  20  1:29  Probe (Chrono Boost)  
  21  1:35  Pylon  
  22  1:40  Probe (Chrono Boost)  
  22  1:50  Probe (Chrono Boost), Warp Gate  
  23  2:00  Adept x2  
  27  2:02  Mothership Core (Chrono Boost)  
  29  2:12  Pylon  
  29  2:28  Stalker  
  29  2:29  Stalker  
  32  2:32  Probe (Chrono Boost)  
  33  2:47  Pylon  
  29  3:07  Nexus  
  29  3:12  Stargate  
  29  3:25  Probe (Chrono Boost)  
  30  3:37  Probe (Chrono Boost)  
  32  3:49  Probe (Chrono Boost)  
  32  3:51  Oracle  
  32  3:58  Sentry x2  
  32  4:00  Gateway  
  32  4:01  Probe (Chrono Boost)  
  40  4:13  Probe (Chrono Boost), Pylon  
  41  4:20  Probe (Chrono Boost)  
  43  4:24  Robotics Facility  
  43  4:25  Probe (Chrono Boost)  
  43  4:30  Probe (Chrono Boost)  
  44  4:37  Probe (Chrono Boost), Stalker  
  44  4:38  Stalker  
  49  4:41  Probe (Chrono Boost)  
  50  4:49  Probe (Chrono Boost)  
  50  4:51  Probe (Chrono Boost)  
  53  5:00  Assimilator x2  
  53  5:01  Probe (Chrono Boost)  
  53  5:02  Probe (Chrono Boost)  
  54  5:09  Observer  
  54  5:10  Twilight Council  
  54  5:12  Probe (Chrono Boost)  
  54  5:13  Probe (Chrono Boost)  
  57  5:17  Adept x2  
  57  5:21  Pylon  
  61  5:23  Probe (Chrono Boost)  
  61  5:26  Probe (Chrono Boost)  
  63  5:30  Immortal  
  67  5:39  Blink  
  67  5:46  Probe (Chrono Boost)  
  69  5:50  Probe (Chrono Boost)  
  69  5:54  Pylon  
  70  5:58  Probe (Chrono Boost)  
  70  6:06  Gateway  
  70  6:09  Immortal  
  70  6:11  Gateway x2  
  70  6:16  Pylon  
  74  6:31  Sentry  
  74  6:32  Stalker x2  
  80  6:43  Pylon, Forge  
  80  6:44  Pylon  
  80  6:50  Immortal  
  84  7:02  Pylon  
  84  7:03  Pylon  
  84  7:05  Probe (Chrono Boost)  
  84  7:06  Protoss Ground Weapons Level 1  
  85  7:15  Pylon, Nexus  
  85  7:26  Immortal  
  85  7:36  Stalker x2  
  93  7:41  Probe x2 (Chrono Boost)  
  95  7:53  Probe x2 (Chrono Boost)  
  97  8:00  Warp Prism  
  97  8:05  Probe x2 (Chrono Boost)  
  101  8:17  Probe x2 (Chrono Boost)  
  103  8:20  Stalker x4  
  103  8:21  Stalker  
  103  8:23  Stalker  
  115  8:46  Stalker x5  
  115  8:47  Stalker  
  127  8:51  Pylon  
  127  9:10  Stalker x4  
  127  9:11  Stalker x2  
  107  9:34  Stalker x4  
  107  9:35  Stalker x2  
  96  9:42  Immortal  
  80  9:54  Void Ray  
  72  10:12  Stalker x6  
  84  10:14  Protoss Air Weapons Level 1  
  84  10:15  Assimilator  
  84  10:16  Stargate, Assimilator  
  84  10:21  Probe (Chrono Boost)  
  87  10:22  Probe x2 (Chrono Boost)  
  87  10:25  Immortal  
  91  10:32  Void Ray  
  91  10:36  Probe (Chrono Boost)  
  91  10:38  Probe x2 (Chrono Boost)  
  97  10:52  Photon Cannon  
  97  10:57  Void Ray  
  97  11:01  Nexus  
  101  11:11  Void Ray  
  99  11:12  Immortal  
  107  11:22  Adept x3  
  109  11:35  Void Ray  
  98  11:46  Immortal  
  100  11:48  Void Ray  
  106  11:58  Stargate  
  106  12:12  Void Ray  
  106  12:17  Stalker  
  106  12:18  Stalker  
  114  12:23  Probe (Chrono Boost)  
  114  12:25  Void Ray  
  111  12:30  Adept x4  
  114  12:40  Void Ray  
  114  12:43  Adept x2  
  118  12:45  Resonating Glaives  
  118  12:49  Void Ray  
  122  12:54  Dark Shrine  
  126  13:12  Void Ray  
  124  13:17  Void Ray  
  127  13:41  Pylon, Nexus  
  131  13:46  Stalker x2  
  133  14:03  Void Ray  
  133  14:13  Nexus  
  129  14:20  Pylon  
  129  14:23  Pylon  
  125  14:30  Dark Templar  
  126  14:38  Pylon  
  114  14:53  Dark Templar x2  
  101  15:11  Dark Templar  
  103  15:30  Nexus  
  101  15:55  Mothership Core (Chrono Boost)  
  101  16:49  Fleet Beacon  
  101  16:50  Void Ray  
  101  16:54  Probe (Chrono Boost)  
  103  16:55  Probe (Chrono Boost)  
  106  17:06  Pylon  
  106  17:12  Observer  
  106  17:30  Carrier, Probe (Chrono Boost)  
  110  17:48  Probe (Chrono Boost)  
  110  17:49  Probe (Chrono Boost)  
  106  18:19  Mothership Core (Chrono Boost), Dark Templar x3  
  114  18:36  Assimilator  
  114  18:41  Assimilator  
  113  18:57  Probe (Chrono Boost)  
  113  18:58  Probe (Chrono Boost)  
  115  19:24  Nexus  
  115  19:31  Pylon  
  115  19:33  Probe (Chrono Boost)  
  115  19:34  Probe (Chrono Boost)  
  117  19:51  Probe (Chrono Boost)  
  117  19:52  Probe (Chrono Boost)  
  120  19:53  Probe (Chrono Boost)  
  120  20:00  Carrier  
  124  20:34  Carrier  
  130  20:54  Zealot x3  
  130  20:55  Adept x2  
  132  21:02  Probe x2 (Chrono Boost)  
  132  21:04  Probe x2 (Chrono Boost)  
  138  21:18  Probe (Chrono Boost)  
  138  21:19  Photon Cannon  
  138  21:20  Probe (Chrono Boost)  
  138  21:29  Observer  
  138  21:31  Dark Templar  
  138  21:32  Zealot x2  
  138  21:36  Zealot  
  130  21:41  Probe (Chrono Boost)  
  126  21:50  Probe x2 (Chrono Boost)  
  126  21:51  Probe (Chrono Boost)  
  126  21:53  Probe (Chrono Boost)  
  126  22:00  Probe x2 (Chrono Boost), Pylon  
  128  22:04  Carrier  
  128  22:22  Assimilator  
  134  22:26  Assimilator  
  134  22:34  Immortal  
  138  23:02  Carrier  
  138  23:04  Probe (Chrono Boost)  
  145  23:35  Dark Templar x2  
  145  23:37  Zealot  
  145  23:40  Nexus  
  145  23:41  Pylon, Zealot  
  150  23:43  Pylon  
  150  23:44  Pylon  
  150  23:48  Zealot  
  127  24:07  Adept x3  
  132  24:12  Probe (Chrono Boost)  
  129  24:17  Probe (Chrono Boost)  
  129  24:21  Probe (Chrono Boost)  
  131  24:28  Probe (Chrono Boost)  
  132  24:48  Probe (Chrono Boost)  
  132  24:50  Probe x2 (Chrono Boost)  
  129  25:36  Dark Templar x3  
Show
View Real Time Build Order
Export as new Build Order

NORTHAMERICA Protoss 

Build Orders:  

Get SALT Encoding   

  12  0:01  Probe (Chrono Boost)  
  13  0:11  Probe (Chrono Boost)  
  14  0:19  Pylon  
  14  0:22  Probe (Chrono Boost)  
  15  0:37  Probe (Chrono Boost)  
  15  0:38  Gateway  
  16  0:47  Probe (Chrono Boost)  
  16  0:49  Assimilator  
  17  0:53  Assimilator  
  17  0:58  Probe (Chrono Boost)  
  18  1:09  Probe (Chrono Boost)  
  19  1:12  Gateway  
  19  1:19  Probe (Chrono Boost)  
  19  1:25  Cybernetics Core  
  20  1:30  Probe (Chrono Boost)  
  21  1:37  Pylon  
  21  1:41  Probe (Chrono Boost)  
  22  1:50  Warp Gate  
  22  1:51  Probe (Chrono Boost)  
  23  2:02  Adept x2  
  27  2:13  Mothership Core (Chrono Boost)  
  29  2:18  Pylon  
  29  2:32  Probe (Chrono Boost)  
  29  2:36  Stalker x2  
  35  2:45  Probe (Chrono Boost)  
  33  3:02  Probe (Chrono Boost)  
  35  3:13  Probe (Chrono Boost)  
  35  3:18  Nexus  
  35  3:19  Pylon  
  33  3:24  Sentry  
  33  3:25  Sentry  
  33  3:26  Probe (Chrono Boost)  
  38  3:37  Probe (Chrono Boost)  
  39  3:42  Robotics Facility  
  39  3:47  Probe (Chrono Boost)  
  40  3:52  Twilight Council  
  40  3:58  Probe (Chrono Boost)  
  41  4:04  Sentry  
  41  4:09  Probe (Chrono Boost)  
  44  4:10  Stalker  
  46  4:19  Probe (Chrono Boost)  
  47  4:29  Blink  
  47  4:30  Probe (Chrono Boost)  
  47  4:31  Probe (Chrono Boost)  
  49  4:36  Observer  
  50  4:40  Probe (Chrono Boost)  
  50  4:41  Probe (Chrono Boost)  
  52  4:51  Probe (Chrono Boost)  
  52  4:52  Probe (Chrono Boost)  
  50  4:54  Stalker x2  
  53  5:01  Probe (Chrono Boost)  
  53  5:02  Probe (Chrono Boost)  
  55  5:12  Probe (Chrono Boost)  
  55  5:13  Probe (Chrono Boost)  
  57  5:17  Gateway  
  57  5:18  Gateway  
  57  5:23  Probe (Chrono Boost)  
  57  5:26  Assimilator  
  57  5:27  Probe (Chrono Boost)  
  58  5:30  Assimilator  
  62  5:42  Pylon  
  62  5:43  Probe (Chrono Boost)  
  62  5:45  Robotics Bay  
  62  5:47  Probe (Chrono Boost)  
  62  5:49  Pylon, Forge  
  60  5:54  Probe (Chrono Boost)  
  61  5:57  Probe (Chrono Boost)  
  61  6:01  Gateway  
  61  6:03  Immortal  
  62  6:05  Probe (Chrono Boost)  
  62  6:09  Probe (Chrono Boost)  
  68  6:17  Probe (Chrono Boost)  
  69  6:19  Protoss Ground Weapons Level 1  
  69  6:21  Pylon  
  69  6:31  Pylon  
  69  6:37  Stalker x2, Disruptor  
  73  6:40  Zealot  
  78  6:50  Probe (Chrono Boost)  
  79  6:57  Probe (Chrono Boost)  
  81  7:02  Pylon  
  81  7:03  Probe (Chrono Boost)  
  81  7:08  Disruptor  
  82  7:09  Probe (Chrono Boost)  
  82  7:14  Nexus  
  82  7:15  Pylon  
  85  7:16  Stalker x2  
  89  7:32  Probe (Chrono Boost)  
  90  7:39  Disruptor  
  90  7:40  Robotics Facility  
  90  7:43  Adept x2  
  90  7:44  Adept x3  
  96  7:47  Resonating Glaives  
  103  7:57  Probe (Chrono Boost)  
  103  7:58  Pylon  
  105  8:00  Probe (Chrono Boost)  
  105  8:05  Stalker x2  
  109  8:08  Stalker  
  109  8:11  Disruptor  
  112  8:22  Probe (Chrono Boost)  
  112  8:24  Probe (Chrono Boost)  
  114  8:30  Photon Cannon  
  114  8:32  Disruptor  
  114  8:37  Photon Cannon  
  117  8:45  Disruptor  
  120  8:49  Stalker x2  
  120  8:50  Stalker  
  126  8:58  Probe (Chrono Boost)  
  126  9:00  Adept x2  
  127  9:03  Disruptor  
  127  9:05  Photon Cannon  
  130  9:11  Pylon  
  126  9:23  Stalker x3  
  105  9:48  Stalker x4  
  105  9:49  Stalker  
  95  10:07  Disruptor  
  95  10:14  Probe (Chrono Boost)  
  99  10:16  Stalker x2  
  99  10:17  Stalker x3  
  109  10:22  Assimilator  
  109  10:23  Gateway  
  109  10:24  Probe (Chrono Boost), Gateway  
  109  10:27  Assimilator, Gateway  
  110  10:29  Pylon  
  110  10:31  Probe (Chrono Boost)  
  111  10:36  Disruptor  
  111  10:42  Probe (Chrono Boost), Pylon  
  115  10:45  Stalker x3  
  115  10:49  Probe (Chrono Boost)  
  122  10:50  Warp Prism  
  122  10:53  Nexus  
  122  10:55  Probe (Chrono Boost)  
  122  10:56  Pylon  
  125  11:06  Stalker x2  
  129  11:13  Stalker x3  
  129  11:16  Disruptor  
  138  11:23  Stalker  
  138  11:24  Stalker x2  
  130  11:40  Stalker x4  
  130  11:41  Stalker  
  138  11:51  Stalker x3  
  145  11:55  Probe (Chrono Boost)  
  145  11:56  Photon Cannon  
  145  11:58  Disruptor  
  145  11:59  Probe (Chrono Boost)  
  146  12:03  Probe (Chrono Boost)  
  146  12:05  Disruptor  
  153  12:12  Stalker  
  153  12:18  Probe (Chrono Boost)  
  155  12:23  Probe (Chrono Boost)  
  155  12:29  Disruptor  
  152  12:33  Stalker  
  152  12:34  Stalker, Templar Archives  
  141  12:46  Adept  
  141  12:47  Adept x5  
  153  12:59  Assimilator  
  153  13:00  Assimilator  
  153  13:02  Psionic Storm  
  151  13:10  Probe (Chrono Boost)  
  146  13:15  Probe (Chrono Boost)  
  146  13:17  High Templar  
  146  13:18  High Templar  
  149  13:21  Photon Cannon, Zealot  
  149  13:22  Zealot x3  
  149  13:23  Photon Cannon  
  149  13:24  Zealot x2  
  162  13:27  Probe (Chrono Boost)  
  150  13:44  High Templar  
  150  13:45  High Templar x2  
  150  13:51  Probe (Chrono Boost)  
  150  13:52  Zealot x3  
  150  13:53  Zealot  
  150  13:54  Zealot  
  157  14:06  Photon Cannon  
  157  14:08  Probe (Chrono Boost)  
  157  14:09  Photon Cannon  
  154  14:11  Zealot  
  154  14:13  High Templar x2  
  153  14:17  Probe (Chrono Boost)  
  153  14:20  Stalker x3  
  153  14:21  Probe (Chrono Boost), Stalker  
  158  14:29  Zealot  
  160  14:37  Probe (Chrono Boost)  
  158  14:39  Probe (Chrono Boost)  
  158  14:45  Stalker x5  
  152  14:46  Stalker  
  152  14:50  Cybernetics Core  
  122  15:09  Adept  
  122  15:18  Robotics Facility  
  122  15:20  Pylon  
  122  15:21  Pylon  
  120  15:24  Pylon  
  112  15:46  Gateway  
  112  15:48  Gateway  
  112  15:49  Gateway x2  
  110  15:52  Gateway  
  110  15:54  Gateway  
  106  16:18  Pylon  
  106  16:20  Pylon x3  
  106  16:22  Pylon  
  106  16:23  Pylon  
  106  16:39  Observer  
  103  16:48  Twilight Council  
  103  16:52  Stalker x5  
  103  16:53  Stalker  
  115  17:07  Pylon  
  109  17:34  Stalker x5  
  109  17:35  Stalker  
  111  17:40  Templar Archives  
  111  17:55  Observer  
  112  18:02  Stalker x4  
  108  18:21  High Templar  
  108  18:22  High Templar  
  108  18:23  Observer  
  108  18:24  Probe (Chrono Boost)  
  108  18:25  Probe (Chrono Boost)  
  109  18:32  High Templar x4  
  117  18:48  Nexus  
  115  18:50  Pylon  
  115  18:57  Robotics Facility  
  115  18:59  High Templar  
  115  19:01  Adept  
  110  19:11  High Templar  
  110  19:12  Zealot x2  
  110  19:13  Zealot  
  112  19:31  High Templar  
  110  19:35  Probe (Chrono Boost)  
  110  19:36  Assimilator  
  111  19:40  Forge  
  111  19:41  Zealot x3  
  117  19:52  Probe (Chrono Boost)  
  118  19:58  Probe (Chrono Boost)  
  118  19:59  Pylon  
  117  20:03  Zealot x2  
  117  20:04  Zealot  
  123  20:08  High Templar x2  
  123  20:12  Archon  
  127  20:18  Photon Cannon  
  127  20:20  Photon Cannon  
  124  20:33  Zealot  
  124  20:35  Assimilator  
  126  20:40  Assimilator  
  117  20:51  Observer  
  115  20:58  Photon Cannon  
  109  21:31  Pylon  
  85  22:07  Gateway x2  
  85  22:10  Gateway  
  85  22:19  Gateway  
  85  22:22  Gateway  
  84  22:23  Gateway  
  79  22:58  Pylon  
  79  22:59  Pylon  
  79  23:02  Pylon  
  79  23:04  Pylon  
  79  23:18  Probe (Chrono Boost)  
  79  23:19  High Templar  
  81  23:20  High Templar x3  
  87  23:33  High Templar x2  
  85  23:53  High Templar x2  
  71  24:19  Nexus  
  71  24:30  Pylon  
  71  24:32  Pylon  
  71  24:40  Pylon  
  71  24:49  Observer  
  71  24:50  High Templar x2  
  71  24:51  Stalker  
  78  24:54  Archon  
Tags
 
Add a new tag
Caveats
  • Supply blocks, unpowered buildings, or Contaminate may cause inaccurate times.
  • Supply counts are checked every 10 seconds.